AoeStats
← [doGs] Charlie the Flamingo.

Black Forest

508049861Analyzed
3v3 RM · 11d ago on Sep 20, 2026· 82m 58s· 6 players
Game mode
Random Map
Map size
Normal (6 player)
Population
200
Speed
Normal
Resources
Standard
Victory
Conquest
Starting age
Dark Age
Ending age
Imperial Age
RankedLock teamsTeams togetherTeam positionsShared explorationLock speedFull tech treeHidden civsTurbo modeCheats
Victory
Defeat
🇩🇪 Bohemians · Germany
1038
+15
🇩🇪 Persians · Germany
1011
+16
🇩🇪 Slavs · Germany
1003
+16
1066
-18
🇩🇪 Turks · Germany
1012
-16
🇩🇪 Britons · Germany
953
-13
[doGs] Charlie the Flamingo.
0:28 Loom
14:08 Feudal Age
18:21 Castle Age
16:48 Double-Bit Axe
17:23 Stone Mining
17:33 Gold Mining
18:04 Town Watch
19:51 Wheelbarrow
25:07 Fishing Lines
26:00 Bow Saw
25:51 Gillnets
32:15 Imperial Age
30:00 Fletching
30:22 Fortified Wall
29:56 Treadmill Crane
30:40 Hand Cart
31:45 Eupseong
32:10 Horse Collar
33:42 Gold Shaft Mining
33:46 Stone Shaft Mining
33:16 Town Patrol
34:24 Two-Man Saw
33:24 Bodkin Arrow
33:40 Forging
33:30 Scale Mail Armor
34:39 Conscription
34:42 Ballistics
34:08 Arrowslits
35:24 Chemistry
34:37 Masonry
34:44 Heavy Plow
35:12 Pikeman
35:52 Squires
35:38 Arson
36:46 Bracer
37:22 Iron Casting
37:02 Chain Mail Armor
37:02 Fervor
37:13 Sanctity
37:21 Caravan
37:31 Halberdier
37:31 Elite Fire Lancer
37:57 Gambesons
39:24 Herbal Medicine
39:28 Murder Holes
40:04 Architecture
39:39 Siege Engineers
41:57 Shinkichon
40:57 Elite War Wagon
42:02 Man-at-Arms
44:21 Thumb Ring
43:37 Elite Skirmisher
43:37 Crossbowman
44:34 Long Swordsman
45:08 Arbalester
45:18 Two-Handed Swordsman
46:53 Plate Mail Armor
46:29 Scale Barding Armor
46:47 Husbandry
46:08 Light Cavalry
46:08 Cavalier
46:43 Champion
46:50 Heavy Rocket Cart
47:21 Hussar
49:06 Chain Barding Armor
73:58 Coinage
[doGs] Luk&Trug.
11:01 Feudal Age
13:05 Loom
18:04 Castle Age
16:25 Double-Bit Axe
23:37 Horse Collar
24:11 Bow Saw
25:39 Fletching
27:16 Ballistics
28:26 Bodkin Arrow
30:08 Murder Holes
30:49 Padded Archer Armor
30:58 Scale Barding Armor
31:03 Forging
35:16 Imperial Age
33:24 Wheelbarrow
34:09 Gold Mining
34:13 Stone Mining
36:28 Yeomen
36:11 Warwolf
35:32 Elite Longbowman
36:15 Warwolf
38:25 Hand Cart
38:20 Sappers
39:12 Conscription
40:30 Chemistry
39:41 Masonry
40:00 Light Cavalry
40:43 Husbandry
41:04 Bracer
53:56 Leather Archer Armor
54:03 Chain Barding Armor
54:19 Iron Casting
65:05 Architecture
69:04 Onager
72:51 Pikeman
73:29 Pikeman
74:13 Squires
74:35 Halberdier
76:21 Blast Furnace
75:22 Scale Mail Armor
75:53 Ring Archer Armor
[doGs] Walkuski.
0:38 Loom
11:59 Feudal Age
15:16 Stone Mining
15:52 Gold Mining
15:46 Horse Collar
18:13 Castle Age
16:10 Double-Bit Axe
19:51 Bow Saw
20:57 Wheelbarrow
23:04 Town Watch
24:00 Fletching
29:24 Gold Shaft Mining
31:53 Imperial Age
30:16 Ballistics
29:37 Treadmill Crane
29:47 Horse Collar
32:27 Hand Cart
32:24 Town Patrol
33:05 Artillery
34:07 Fortified Wall
33:53 Murder Holes
35:54 Two-Man Saw
34:57 Heavy Plow
35:16 Forging
36:03 Bombard Tower
36:48 Heated Shot
37:08 Masonry
37:40 Conscription
37:58 Elite Janissary
41:33 Architecture
45:27 Bodkin Arrow
46:02 Heavy Scorpion
48:04 Caravan
48:34 Coinage
64:01 Bloodlines
63:51 Husbandry
73:46 Iron Casting
80:03 Scale Barding Armor
Andril
0:26 Loom
11:52 Feudal Age
16:48 Castle Age
15:26 Double-Bit Axe
15:24 Horse Collar
17:46 Wheelbarrow
18:18 Bow Saw
20:48 Stone Mining
21:45 Gold Mining
25:29 Heavy Plow
27:19 Gold Shaft Mining
27:49 Town Watch
29:49 Hand Cart
32:44 Imperial Age
31:55 Squires
31:15 Pikeman
32:15 Town Patrol
34:25 Two-Man Saw
33:58 Crop Rotation
34:38 Detinets
35:03 Caravan
36:07 Ballistics
36:48 Chemistry
35:54 Siege Engineers
36:01 Masonry
35:47 Murder Holes
36:06 Fortified Wall
36:17 Man-at-Arms
36:19 Halberdier
37:25 Conscription
37:44 Hoardings
37:27 Onager
37:30 Heavy Scorpion
38:32 Forging
38:23 Guard Tower
38:36 Scale Mail Armor
38:12 Long Swordsman
40:02 Iron Casting
39:34 Scale Barding Armor
39:21 Fletching
39:12 Two-Handed Swordsman
40:26 Elite Boyar
41:21 Champion
48:11 Blast Furnace
47:27 Chain Mail Armor
47:09 Bodkin Arrow
47:32 Druzhina
54:09 Siege Onager
60:06 Chain Barding Armor
60:17 Plate Mail Armor
59:47 Padded Archer Armor
60:21 Coinage
77:25 Plate Barding Armor
77:07 Leather Archer Armor
77:05 Careening
77:06 Clinker Construction
77:29 Banking
77:02 Capped Ram
78:13 Siege Ram
leuler
1:26 Loom
11:59 Feudal Age
16:33 Castle Age
14:57 Double-Bit Axe
15:02 Horse Collar
17:29 Bow Saw
17:22 Heavy Plow
17:43 Town Watch
18:33 Wheelbarrow
28:34 Imperial Age
28:01 Chemistry
28:37 Hand Cart
28:24 Town Patrol
29:41 Siege Engineers
30:38 Conscription
30:25 Wagenburg Tactics
32:23 Two-Man Saw
31:18 Houfnice
32:59 Caravan
33:27 Fortified Wall
32:58 Treadmill Crane
33:14 Murder Holes
33:32 Masonry
33:52 Padded Archer Armor
33:19 Elite Skirmisher
33:54 Fletching
34:57 Leather Archer Armor
35:25 Bodkin Arrow
35:53 Ballistics
35:55 Bombard Tower
37:47 Ring Archer Armor
37:37 Hussite Reforms
39:03 Squires
38:24 Pikeman
38:50 Arson
39:07 Bracer
39:17 Forging
39:08 Scale Mail Armor
39:14 Scale Barding Armor
39:24 Redemption
39:15 Atonement
39:49 Halberdier
41:29 Iron Casting
42:41 Architecture
42:31 Chain Mail Armor
43:34 Fervor
43:40 Block Printing
43:50 Illumination
43:26 Devotion
43:25 Man-at-Arms
43:44 Heavy Scorpion
45:12 Guilds
45:53 Sanctity
46:09 Theocracy
45:30 Herbal Medicine
47:25 Chain Barding Armor
47:36 Plate Mail Armor
48:07 Blast Furnace
48:01 Husbandry
47:22 Cavalier
47:23 Light Cavalry
50:25 Faith
50:26 Heresy
56:05 Long Swordsman
56:21 Long Swordsman
61:32 Capped Ram
65:32 Onager
66:16 Two-Handed Swordsman
71:50 Champion
Infidel Pollo
0:56 Loom
11:27 Feudal Age
12:38 Wheelbarrow
11:53 Double-Bit Axe
13:59 Horse Collar
15:50 Gold Mining
21:02 Castle Age
19:13 Stone Mining
21:02 Fishing Lines
22:06 Hand Cart
23:21 Bow Saw
23:26 Heavy Plow
23:39 Gillnets
31:34 Imperial Age
28:50 Town Watch
30:15 Ballistics
30:03 Scale Barding Armor
31:04 Town Patrol
33:44 Two-Man Saw
33:18 Crop Rotation
33:12 Conscription
34:57 Gold Shaft Mining
35:07 Stone Shaft Mining
34:57 Elite War Elephant
36:37 Citadels
35:59 Sappers
37:06 Hoardings
36:47 Forging
36:58 Chain Barding Armor
36:29 Fletching
36:41 Husbandry
36:52 Bloodlines
38:20 Iron Casting
38:05 Caravan
38:51 Coinage
39:23 Plate Barding Armor
42:57 Blast Furnace
41:53 Bodkin Arrow
44:09 Scale Mail Armor
47:34 Banking
47:15 Guilds
48:03 Devotion
48:18 Masonry
48:04 Murder Holes
48:00 Heated Shot
49:11 Chemistry
48:34 Chain Mail Armor
50:29 Faith
51:03 Arson
51:19 Squires
50:39 Pikeman
51:58 Halberdier
54:56 Plate Mail Armor
83:15 Architecture
Connection lost

Rejoining the realm…

Still unreachable

The connection could not be restored.

Session expired

The server has moved on; the page needs a fresh start.